TOP OF THE 1ST |
Trenton Thunder batting - Pitching for Jackson Generals : RHP Chris Julien
|
Pitching: RHP Chris Julien
|
|
Batting: RHB Tim Osborn
|
0-0: Ground out 4-3 (Groundball, 4, EV 92.5 MPH)
|
Batting: RHB Jose Tovar
|
0-0: Ball 1-0: Ground out 5-3 (Groundball, 56, EV 85.0 MPH)
|
Batting: SHB Ryan Buchbinder
|
0-0: Ball 1-0: Ball 2-0: Foul Ball, location: 2F 2-1: Ball 3-1: SINGLE (Groundball, 25, EV 63.1 MPH) (infield hit)
|
Batting: RHB Sam Hubbert
|
0-0: Swinging Strike 0-1: Fielders Choice at 2nd, 6-4 (Groundball, 6, EV 106.2 MPH)
|
Top of the 1st over - 0 runs, 1 hit, 0 errors, 1 left on base; Trenton 0 - Jackson 0 |
BOTTOM OF THE 1ST |
Jackson Generals batting - Pitching for Trenton Thunder : RHP Jarred Sharp
|
Pitching: RHP Jarred Sharp
|
|
Batting: RHB Mike Conaway
|
0-0: Ball 1-0: Ball 2-0: Swinging Strike 2-1: Fly out, F7 (Line Drive, 78M, EV 95.0 MPH)
|
Batting: RHB Zach Downs
|
0-0: Ball 1-0: Ground out 6-3 (Groundball, 6M, EV 86.2 MPH)
|
Batting: LHB Taki Matsui
|
0-0: Ball 1-0: Foul Ball, location: 2F 1-1: Fly out, F7 (Line Drive, 78M, EV 94.4 MPH)
|
Bottom of the 1st over - 0 runs, 0 hits, 0 errors, 0 left on base; Trenton 0 - Jackson 0 |
TOP OF THE 2ND |
Trenton Thunder batting - Pitching for Jackson Generals : RHP Chris Julien
|
Batting: SHB David Stewart
|
0-0: Swinging Strike 0-1: Fly out, F7 (Line Drive, 7LM, EV 88.1 MPH)
|
Batting: RHB Phil Reeves
|
0-0: Foul Ball, location: 2F 0-1: Foul Ball, location: 2F 0-2: Ball 1-2: Ball 2-2: Ground out 6-3 (Groundball, 56, EV 85.0 MPH)
|
Batting: RHB Christian Shearer
|
0-0: Called Strike 0-1: Ball 1-1: Called Strike 1-2: SINGLE (Groundball, 56D, EV 106.2 MPH)
|
Batting: RHB Dale Altman
|
0-0: Swinging Strike 0-1: Foul Ball, location: 2F 0-2: Strikes out swinging
|
Top of the 2nd over - 0 runs, 1 hit, 0 errors, 1 left on base; Trenton 0 - Jackson 0 |
BOTTOM OF THE 2ND |
Jackson Generals batting - Pitching for Trenton Thunder : RHP Jarred Sharp
|
Batting: RHB Chris Olheiser
|
0-0: Ground out 6-3 (Groundball, 6, EV 82.5 MPH)
|
Batting: RHB Enrique Valdez
|
0-0: Called Strike 0-1: Foul Ball, location: 2F 0-2: Ball 1-2: Strikes out looking
|
Batting: RHB Ryan Criollo
|
0-0: Ground out 6-3 (Groundball, 6, EV 103.8 MPH)
|
Bottom of the 2nd over - 0 runs, 0 hits, 0 errors, 0 left on base; Trenton 0 - Jackson 0 |
TOP OF THE 3RD |
Trenton Thunder batting - Pitching for Jackson Generals : RHP Chris Julien
|
Batting: RHB Roberto Tena
|
0-0: Hit by Pitch
|
Batting: RHB Tim Osborn
|
0-0: Ball 1-0: Ball 2-0: Called Strike 2-1: Ball 3-1: Swinging Strike 3-2: Strikes out swinging Roberto Tena steals 2nd base Batter strikes out.
|
Batting: RHB Jose Tovar
|
0-0: Hit by Pitch
|
Batting: SHB Ryan Buchbinder
|
0-0: Ball 1-0: Called Strike 1-1: SINGLE (Groundball, 56D, EV 106.2 MPH) Roberto Tena to third Jose Tovar to second Runner from 3rd tries for Home, throw by LF and OUT! 7-2 Jose Tovar to third Ryan Buchbinder to second
|
Batting: RHB Sam Hubbert
|
0-0: Ball 1-0: SINGLE (Groundball, 56D, EV 99.4 MPH) Jose Tovar scores Ryan Buchbinder to third Runner from 3rd tries for Home, SAFE, throw by LF to home
|
Batting: SHB David Stewart
|
0-0: Ball 1-0: Swinging Strike 1-1: Foul Ball, location: 2F 1-2: Foul Ball, location: 2F 1-2: Strikes out swinging
|
Top of the 3rd over - 2 runs, 2 hits, 0 errors, 1 left on base; Trenton 2 - Jackson 0 |
BOTTOM OF THE 3RD |
Jackson Generals batting - Pitching for Trenton Thunder : RHP Jarred Sharp
|
Batting: RHB Ivan Davila
|
0-0: Called Strike 0-1: Swinging Strike 0-2: Foul Ball, location: 2F 0-2: Ball 1-2: Foul Ball, location: 2F 1-2: Foul Ball, location: 2F 1-2: Foul Ball, location: 2F 1-2: Ball 2-2: Foul Ball, location: 2F 2-2: SINGLE (Groundball, 5D, EV 95.0 MPH)
|
Batting: RHB Justin Colella
|
0-0: Foul Ball, location: 2F 0-1: Ball 1-1: Ball 2-1: Ball 3-1: Called Strike 3-2: Foul Ball, location: 2F 3-2: Strikes out swinging
|
Batting: RHB Jesus Santiago
|
0-0: SINGLE (Flyball, 8LS, EV 96.2 MPH) Ivan Davila to second
|
Batting: RHB Mike Conaway
|
0-0: Called Strike 0-1: DOUBLE (Line Drive, 7LD, EV 101.2 MPH) Ivan Davila scores Jesus Santiago to third
|
Batting: RHB Zach Downs
|
0-0: Called Strike 0-1: Ball 1-1: Ball 2-1: Ball 3-1: Swinging Strike 3-2: 3-RUN HOME RUN (Flyball, 7D, EV 100.0 MPH), Distance : 393 ft
|
Batting: LHB Taki Matsui
|
0-0: Ball 1-0: Foul Ball, location: 2F 1-1: Ball 2-1: Foul Ball, location: 2F 2-2: Foul Ball, location: 2F 2-2: DOUBLE (Line Drive, 8LXD, EV 108.1 MPH)
|
Batting: RHB Chris Olheiser
|
0-0: Reached on error, E3 (Groundball, 3S, EV 84.4 MPH) Taki Matsui to third
|
Batting: RHB Enrique Valdez
|
0-0: Called Strike 0-1: Ground out 5-3 (Groundball, 56S, EV 66.9 MPH) Taki Matsui scores Chris Olheiser to second
|
Batting: RHB Ryan Criollo
|
0-0: Ball 1-0: Foul Ball, location: 2F 1-1: Called Strike 1-2: Strikes out swinging
|
Bottom of the 3rd over - 5 runs, 5 hits, 1 error, 1 left on base; Trenton 2 - Jackson 5 |
TOP OF THE 4TH |
Trenton Thunder batting - Pitching for Jackson Generals : RHP Chris Julien
|
Batting: RHB Phil Reeves
|
0-0: Ball 1-0: Fly out, F4 (Popup, 34, EV 66.9 MPH)
|
Batting: RHB Christian Shearer
|
0-0: Called Strike 0-1: Called Strike 0-2: Ball 1-2: Ball 2-2: Strikes out swinging
|
Batting: RHB Dale Altman
|
0-0: Ball 1-0: Ball 2-0: Ball 3-0: Called Strike 3-1: Fly out, F8 (Flyball, 8LD, EV 98.1 MPH)
|
Top of the 4th over - 0 runs, 0 hits, 0 errors, 0 left on base; Trenton 2 - Jackson 5 |
BOTTOM OF THE 4TH |
Jackson Generals batting - Pitching for Trenton Thunder : RHP Jarred Sharp
|
Batting: RHB Ivan Davila
|
0-0: Swinging Strike 0-1: Foul Ball, location: 2F 0-2: Ball 1-2: Foul Ball, location: 2F 1-2: Ball 2-2: Foul Ball, location: 2F 2-2: Foul Ball, location: 2F 2-2: Ball 3-2: Base on Balls
|
Batting: RHB Justin Colella
|
0-0: Ball 1-0: Foul Ball, location: 2F 1-1: Fly out, F4 (Line Drive, 34, EV 75.0 MPH)
|
Batting: RHB Jesus Santiago
|
0-0: Ball 1-0: Swinging Strike 1-1: Ball 2-1: Called Strike 2-2: Strikes out swinging
|
Batting: RHB Mike Conaway
|
0-0: Called Strike 0-1: Ball 1-1: Ball 2-1: Fielders Choice at 2nd, U6 (Groundball, 6M, EV 98.1 MPH)
|
Bottom of the 4th over - 0 runs, 0 hits, 0 errors, 1 left on base; Trenton 2 - Jackson 5 |
TOP OF THE 5TH |
Trenton Thunder batting - Pitching for Jackson Generals : RHP Chris Julien
|
Batting: RHB Roberto Tena
|
0-0: Foul Ball, location: 2F 0-1: Called Strike 0-2: Ball 1-2: Strikes out swinging
|
Batting: RHB Tim Osborn
|
0-0: Foul Ball, location: 2F 0-1: Swinging Strike 0-2: Foul Ball, location: 2F 0-2: SINGLE (Groundball, 34D, EV 97.5 MPH)
|
Batting: RHB Jose Tovar
|
0-0: Called Strike 0-1: Ball 1-1: Fly out, F8 (Flyball, 8LM, EV 89.4 MPH)
|
Batting: SHB Ryan Buchbinder
|
0-0: Ball 1-0: Ball 2-0: Called Strike 2-1: Ball 3-1: Base on Balls Tim Osborn to second
|
Batting: RHB Sam Hubbert
|
0-0: Ball 1-0: Foul Ball, location: 2F 1-1: Ball 2-1: DOUBLE (Line Drive, 89M, EV 107.5 MPH) Tim Osborn scores Ryan Buchbinder to third Runner from 3rd tries for Home, SAFE, throw by RF to trailing runner, SAFE at third!
|
Batting: SHB David Stewart
|
0-0: Called Strike 0-1: Ball 1-1: Ball 2-1: Ball 3-1: Base on Balls
|
Pitching: RHP Marty Maginnis
|
|
Batting: RHB Phil Reeves
|
0-0: Ball 1-0: Called Strike 1-1: Ball 2-1: Ball 3-1: Base on Balls David Stewart to second
|
Batting: RHB Christian Shearer
|
0-0: Swinging Strike 0-1: Ball 1-1: Foul Ball, location: 2F 1-2: Ball 2-2: Strikes out swinging
|
Top of the 5th over - 2 runs, 2 hits, 0 errors, 3 left on base; Trenton 4 - Jackson 5 |
BOTTOM OF THE 5TH |
Jackson Generals batting - Pitching for Trenton Thunder : RHP Jarred Sharp
|
Pitching: RHP Jimmy Wilder
|
|
Batting: RHB Zach Downs
|
0-0: Ball 1-0: SINGLE (Line Drive, 4D, EV 104.4 MPH)
|
Batting: LHB Taki Matsui
|
0-0: Called Strike 0-1: Foul Ball, location: 2F 0-2: Ball 1-2: Grounds into double play, 4-6-3 (Groundball, 4, EV 84.4 MPH)
|
Batting: RHB Chris Olheiser
|
0-0: Ball 1-0: Called Strike 1-1: Ball 2-1: Ball 3-1: Called Strike 3-2: Fly out, F7 (Flyball, 78M, EV 88.1 MPH)
|
Bottom of the 5th over - 0 runs, 1 hit, 0 errors, 0 left on base; Trenton 4 - Jackson 5 |
TOP OF THE 6TH |
Trenton Thunder batting - Pitching for Jackson Generals : RHP Marty Maginnis
|
Batting: RHB Dale Altman
|
0-0: Called Strike 0-1: Ground out 4-3 (Groundball, 4, EV 98.8 MPH)
|
Batting: RHB Roberto Tena
|
0-0: Ball 1-0: Ball 2-0: Ball 3-0: Called Strike 3-1: Base on Balls
|
Batting: RHB Tim Osborn
|
0-0: Called Strike 0-1: Foul Ball, location: 2F 0-2: Ball 1-2: Ball 2-2: Fly out, F7 (Line Drive, 78M, EV 106.2 MPH)
|
Batting: RHB Jose Tovar
|
0-0: Ball 1-0: Ball 2-0: Ball 3-0: Called Strike 3-1: Called Strike 3-2: Base on Balls Roberto Tena to second
|
Batting: SHB Ryan Buchbinder
|
0-0: Called Strike 0-1: Called Strike 0-2: Strikes out looking
|
Top of the 6th over - 0 runs, 0 hits, 0 errors, 2 left on base; Trenton 4 - Jackson 5 |
BOTTOM OF THE 6TH |
Jackson Generals batting - Pitching for Trenton Thunder : RHP Jimmy Wilder
|
Batting: RHB Enrique Valdez
|
0-0: Ball 1-0: Ball 2-0: Called Strike 2-1: Swinging Strike 2-2: Foul Ball, location: 2F 2-2: Strikes out swinging
|
Batting: RHB Ryan Criollo
|
0-0: Called Strike 0-1: Called Strike 0-2: Foul Ball, location: 2F 0-2: Foul Ball, location: 2F 0-2: Strikes out swinging
|
Pitching: RHP Joe Shaw
|
|
Batting: RHB Ivan Davila
|
0-0: Ground out 4-3 (Groundball, 4, EV 94.4 MPH)
|
Bottom of the 6th over - 0 runs, 0 hits, 0 errors, 0 left on base; Trenton 4 - Jackson 5 |
TOP OF THE 7TH |
Trenton Thunder batting - Pitching for Jackson Generals : RHP Marty Maginnis
|
Pitching: RHP Ian Gaines
|
|
Batting: RHB Sam Hubbert
|
0-0: Ball 1-0: Foul Ball, location: 2F 1-1: Foul Ball, location: 2F 1-2: Ball 2-2: Foul Ball, location: 2F 2-2: Ball 3-2: Strikes out swinging
|
Batting: SHB David Stewart
|
0-0: Ball 1-0: Ball 2-0: Ball 3-0: Base on Balls
|
Batting: RHB Phil Reeves
|
0-0: Foul Ball, location: 2F 0-1: SINGLE (Groundball, 56D, EV 108.1 MPH) David Stewart to second
|
Batting: RHB Christian Shearer
|
0-0: Foul Ball, location: 2F 0-1: Ball 1-1: Called Strike 1-2: Ball 2-2: Fielders Choice at 2nd, 5-4 (Groundball, 56S, EV 89.4 MPH) David Stewart to third
|
Batting: RHB Dale Altman
|
0-0: Ball 1-0: Called Strike 1-1: Foul Ball, location: 2F 1-2: Hit by Pitch Christian Shearer to second
|
Pinch Hitting: LHB Victor Fiallos
|
0-0: Ball 1-0: Ball 2-0: Foul Ball, location: 2F 2-1: Fly out, F8 (Flyball, 8LD, EV 101.2 MPH)
|
Top of the 7th over - 0 runs, 1 hit, 0 errors, 3 left on base; Trenton 4 - Jackson 5 |
BOTTOM OF THE 7TH |
Jackson Generals batting - Pitching for Trenton Thunder : RHP Joe Shaw
|
Now at SS: Bart Davies
|
|
Batting: RHB Justin Colella
|
0-0: Called Strike 0-1: Ball 1-1: Ball 2-1: Ground out 6-3 (Groundball, 6, EV 84.4 MPH)
|
Batting: RHB Jesus Santiago
|
0-0: Swinging Strike 0-1: Called Strike 0-2: Strikes out swinging
|
Batting: RHB Mike Conaway
|
0-0: Ball 1-0: Ball 2-0: SINGLE (Groundball, 4D, EV 106.2 MPH)
|
Batting: RHB Zach Downs
|
0-0: Ball 1-0: Called Strike 1-1: Called Strike Mike Conaway steals 2nd base 1-2: Strikes out swinging
|
Bottom of the 7th over - 0 runs, 1 hit, 0 errors, 1 left on base; Trenton 4 - Jackson 5 |
TOP OF THE 8TH |
Trenton Thunder batting - Pitching for Jackson Generals : RHP Ian Gaines
|
Pitching: RHP Sid Lampone
|
|
Batting: RHB Tim Osborn
|
0-0: Called Strike 0-1: Ball 1-1: Called Strike 1-2: Strikes out swinging
|
Batting: RHB Jose Tovar
|
0-0: Ball 1-0: Called Strike 1-1: Fly out, F8 (Flyball, 78M, EV 88.1 MPH)
|
Batting: SHB Ryan Buchbinder
|
0-0: Ball 1-0: Ball 2-0: Ball 3-0: Ground out 6-3 (Groundball, 15, EV 88.8 MPH)
|
Top of the 8th over - 0 runs, 0 hits, 0 errors, 0 left on base; Trenton 4 - Jackson 5 |
BOTTOM OF THE 8TH |
Jackson Generals batting - Pitching for Trenton Thunder : RHP Joe Shaw
|
Pitching: LHP George Grady
|
|
Batting: LHB Taki Matsui
|
0-0: Reached on error, E1 (Groundball, 13, EV 71.2 MPH)
|
Pitching: RHP Ricky Mercer
|
|
Batting: RHB Chris Olheiser
|
0-0: Ball 1-0: Foul Ball, location: 2F 1-1: Ball 2-1: Foul Ball, location: 2F 2-2: Ball 3-2: Fly out, F7 (Line Drive, 7, EV 110.0 MPH)
|
Batting: RHB Enrique Valdez
|
0-0: Called Strike 0-1: SINGLE (Flyball, 8LS, EV 96.2 MPH) Taki Matsui to third Runner from 3rd tries for Home, SAFE, throw by CF to home Enrique Valdez to second
|
Batting: RHB Ryan Criollo
|
0-0: Fly out, F7 (Flyball, 7S, EV 81.2 MPH)
|
Batting: RHB Ivan Davila
|
0-0: Ball 1-0: Ball 2-0: Called Strike 2-1: Ball 3-1: Base on Balls
|
Batting: RHB Justin Colella
|
0-0: Called Strike 0-1: Called Strike 0-2: Strikes out swinging
|
Bottom of the 8th over - 1 run, 1 hit, 1 error, 2 left on base; Trenton 4 - Jackson 6 |
TOP OF THE 9TH |
Trenton Thunder batting - Pitching for Jackson Generals : RHP Sid Lampone
|
Batting: RHB Sam Hubbert
|
0-0: Ball 1-0: Ball 2-0: Swinging Strike 2-1: Called Strike 2-2: Foul Ball, location: 2F 2-2: Ground out U3 (Groundball, 3L, EV 89.4 MPH)
|
Batting: SHB David Stewart
|
0-0: Foul Ball, location: 2F 0-1: Swinging Strike 0-2: Ball 1-2: Foul Ball, location: 2F 1-2: Foul Ball, location: 2F 1-2: Strikes out swinging
|
Batting: RHB Phil Reeves
|
0-0: Ball 1-0: Called Strike 1-1: Ball 2-1: Called Strike 2-2: Foul Ball, location: 2F 2-2: Ball 3-2: Strikes out swinging
|
Top of the 9th over - 0 runs, 0 hits, 0 errors, 0 left on base; Trenton 4 - Jackson 6 |
|